 Dungeon Crawl Stone Soup version 0.21.1-1-g345015f (webtiles) character file.

1178 zishaf the Covert (level 8, -1/46 HPs)
             Began as an Octopode Enchanter on May 11, 2018.
             Was an Initiate of Dithmenos.
             Killed by nerve-wracking pain
             ... invoked by Grinder
              (9 damage)
             ... on level 5 of the Dungeon.
             The game lasted 00:16:52 (6683 turns).

zishaf the Covert (Octopode Enchanter)              Turns: 6683, Time: 00:16:52

Health: -1/46      AC:  1    Str:  8    XL:     8   Next: 41%
Magic:  1/10       EV: 15    Int: 19    God:    Dithmenos [......]
Gold:   241        SH:  0    Dex: 12    Spells: 6/12 levels left

rFire    . . .     SeeInvis .   a - +2 dagger
rCold    . . .     Gourm    .   (no shield)
rNeg     . . .     Faith    .   (helmet restricted)
rPois    .         Spirit   .   u - amulet of regeneration
rElec    .         Reflect  .   o - ring of wizardry
rCorr    .         Harm     .   (no ring)
MR       .....                  (no ring)
Stlth    +++++.....             (no ring)
HPRegen  0.55/turn              (no ring)
MPRegen  0.12/turn              (no ring)
                                (no ring)
                                (no ring)

@: no status effects
A: almost no armour, stealthy swim, amphibious, 8 rings, constrict 8, antennae
1, camouflage 1, low mp 1, mutation resistance 1, gelatinous body 1
a: Renounce Religion


You were on level 5 of the Dungeon.
You worshipped Dithmenos.
Dithmenos was noncommittal.
You were hungry.

You visited 2 branches of the dungeon, and saw 7 of its levels.

You collected 241 gold pieces.

Inventory:

Hand Weapons
 a - a +2 dagger (weapon)
Jewellery
 e - an uncursed ring of see invisible {unknown}
 o - a ring of wizardry (left tentacle)
 u - an amulet of regeneration (around mantle)
Wands
 h - a wand of iceblast (8)
 p - a wand of scattershot (6)
 s - a wand of flame (35)
 w - a wand of digging (15)
Scrolls
 d - 2 scrolls of amnesia
 f - 3 scrolls of remove curse
 g - a scroll of noise {unknown}
 i - 2 scrolls of enchant weapon
 l - 2 scrolls of fear {unknown}
 m - a scroll of identify
 n - a scroll of random uselessness {unknown}
 r - a scroll of enchant armour {unknown}
Potions
 j - 2 potions of agility
 k - 2 potions of heal wounds
 q - 2 potions of might
 t - 2 potions of ambrosia
 v - a potion of berserk rage
Books
 b - a book of Maledictions

   Spells                             Type                      Level
   a - Corona                         Hexes                        1
   b - Ensorcelled Hibernation        Hexes/Ice                    2
   c - Confuse                        Hexes                        3
   d - Tukima's Dance                 Hexes                        3
   e - Dazzling Spray                 Conjuration/Hexes            3
Comestibles
 c - 10 rations


   Skills:
 - Level 1.0 Short Blades
 + Level 5.6 Dodging
 - Level 8.0 Stealth
 + Level 2.5 Spellcasting
 - Level 7.0 Hexes


You had 6 spell levels left.
You knew the following spells:

 Your Spells              Type           Power        Failure   Level  Hunger
a - Corona                Hex            ####...      1%          1    #......
b - Ensorcelled Hibernat  Hex/Ice        ###...       2%          2    ##.....
c - Confuse               Hex            ####....     1%          3    ###....


Dungeon Overview and Level Annotations

Branches:
Dungeon (6/15)             Temple (1/1) D:5

Altars:
Ashenzari
Cheibriados
Dithmenos
Elyvilon
Gozag
Ru
Uskayaw
Wu Jian
The Shining One

Annotations:
D:2 digging
D:5 Grinder


Innate Abilities, Weirdness & Mutations

You cannot wear most types of armour.
You are very stealthy in the water. (Stealth+)
You are amphibious.
You can wear up to eight rings at the same time.
You can use your tentacles to constrict eight enemies at once.
Your skin changes colour to match your surroundings (Stealth+).
Your rubbery body absorbs attacks. (AC +1, EV +1)
You have a pair of small antennae on your head.
Your magical capacity is low. (-10% MP)
You are somewhat resistant to further mutation.


Message History

Grinder is lightly wounded.
Grinder zaps a wand.
Some rock shatters into small pieces.
It is a wand of digging (7).
Casting: Confuse
Confirm with . or Enter, or press ? or * to list all spells.
Aiming: Confuse
Press: ? - help, Shift-Dir - straight line, f/p - Grinder
Aim: Grinder, carrying a wand of digging (7) (lightly wounded, fast, chance to defeat MR: 58%) Grinder resists with significant effort.
You are feeling hungry.
Grinder gestures at you. Pain shoots through your body!
* * * LOW HITPOINT WARNING * * *
There is an open door here.
Grinder gestures at you. Pain shoots through your body!
* * * LOW HITPOINT WARNING * * *
Grinder gestures at you. Pain shoots through your body!
You die...

...#...#...#.....###############.
.⌠...⌠...⌠.#.....# #........###.
...#...#...#..<..# #............
#####.###.##.....# #............
...#...#...###.#+###########.....
.>...⌠.#.⌠.#........# #.....
...#...#...####.....# #.....
############# #.)...# ## #)....
#.....#####.###.@...# #.# #.....
#.....+.............##.# #.....
#.....#####.##......#.# #.....
#####.......##[[..5..### ######
###........#'##....##########
###.#...(###..'....'.........
#...#.##.# #..#....##########
###.#.##[###.##....#
#...#'##.....##....#


You could see Grinder.

Vanquished Creatures
  The ghost of Wisonny the Ducker, an amateur TrFi (D:3)
  A sky beast (D:6)
  A phantom (D:4)
  2 ogres
  2 scorpions
  A howler monkey (D:5)
  2 crimson imps (D:5)
  An orc wizard (D:5)
  3 hounds
  Ijyb (D:5)
  An iguana (D:4)
  Natasha (D:3)
  6 worker ants
  A howler monkey zombie (D:5)
  A gnoll (D:1)
  A howler monkey skeleton (D:6)
  9 adders
  A shadow imp (D:5)
  2 worms
  3 dart slugs
  3 leopard geckos
  5 orcs
  3 giant cockroaches
  10 goblins
  9 hobgoblins
  7 bats
  6 frilled lizards
  A jackal skeleton (D:4)
  8 kobolds
  A leopard gecko zombie (D:5)
  A quokka zombie (D:6)
  6 rats
101 creatures vanquished.

Notes
Turn   | Place    | Note
-------+----------+-------------------------------------------
     0 | D:1      | zishaf the Octopode Enchanter began the quest for the Orb.
     0 | D:1      | Reached XP level 1. HP: 11/11 MP: 3/3
   281 | D:1      | Reached XP level 2. HP: 17/17 MP: 5/5
   473 | D:1      | Reached skill level 5 in Stealth
   753 | D:1      | Reached XP level 3. HP: 21/21 MP: 6/6
   794 | D:1      | Learned a level 2 spell: Ensorcelled Hibernation
  1388 | D:2      | Reached skill level 6 in Stealth
  1388 | D:2      | Reached XP level 4. HP: 16/27 MP: 0/7
  2378 | D:2      | Found a faded altar of an unknown god.
  2553 | D:3      | Noticed an ogre
  2564 | D:3      | HP: 1/27 [ogre/giant spiked club (25)]
  2567 | D:3      | Killed an ogre
  2567 | D:3      | Reached skill level 7 in Stealth
  2567 | D:3      | Reached XP level 5. HP: 1/31 MP: 3/8
  3032 | D:3      | Noticed Wisonny's ghost (amateur TrFi)
  3250 | D:2      | Learned a level 3 spell: Confuse
  3297 | D:3      | Reached XP level 6. HP: 24/36 MP: 9/9
  3425 | D:3      | Reached skill level 8 in Stealth
  3690 | D:3      | Noticed Natasha
  3696 | D:3      | Killed Natasha
  3769 | D:3      | Killed Wisonny's ghost
  4115 | D:4      | Reached skill level 5 in Hexes
  4253 | D:4      | Noticed a phantom
  4372 | D:4      | Killed a phantom
  4372 | D:4      | Reached XP level 7. HP: 41/41 MP: 6/10
  5437 | D:5      | Entered Level 5 of the Dungeon
  5448 | D:4      | Gained mutation: Your magical capacity is low. (-10% MP) [potion of mutation]
  5448 | D:4      | Gained mutation: You are somewhat resistant to further mutation. [potion of mutation]
  5448 | D:4      | Gained mutation: You have a pair of small antennae on your head. [potion of mutation]
  5800 | D:5      | Found a staircase to the Ecumenical Temple.
  5805 | Temple   | Entered the Ecumenical Temple
  5835 | Temple   | Became a worshipper of Dithmenos the Shadowed
  5981 | D:5      | Noticed Ijyb
  5995 | D:5      | Killed Ijyb
  5997 | D:5      | Reached XP level 8. HP: 32/46 MP: 3/9
  6005 | D:5      | Reached skill level 5 in Dodging
  6655 | D:6      | Noticed Grinder
  6683 | D:5      | Killed from afar by Grinder

Skill      XL: |  1  2  3  4  5  6  7  8 |
---------------+-------------------------+-----
Stealth        | 5 6 7 8 |  8.0
Hexes          | 4 5 6 7 |  7.0
Dodging        | 3 4 5 |  5.6
Short Blades   | |  1.0
Spellcasting   | |  2.5

Action                   |  1- 3 |  4- 6 |  7- 9 || total
-------------------------+-------+-------+-------++-------
Melee: Dagger            |    77 |    86 |    99 ||   262
       Constrict         |    15 |    15 |    14 ||    44
       Tentacles         |     9 |    15 |    16 ||    40
 Cast: Ensorcelled Hiber |     5 |    17 |    29 ||    51
       Confuse           |       |     6 |     4 ||    10
Evoke: Wand              |       |       |     1 ||     1
  Use: Potion            |       |     2 |     2 ||     4
       Scroll            |       |       |    10 ||    10
 Stab: Sleeping          |    13 |    14 |    22 ||    49
       Distracted        |       |     1 |     2 ||     3
       Confused          |       |     3 |       ||     3
  Eat: Chunk             |     2 |     4 |     9 ||    15
       Ration            |       |     2 |       ||     2
Armor: Skin              |     4 |     9 |     1 ||    14
Dodge: Dodged            |    36 |    43 |    55 ||   134
